 Dungeon Crawl Stone Soup version 0.19.4-9-g45fd643 (webtiles) character file.

238 Lukeanator the Shooter (level 5, -14/36 HPs)
             Began as a High Elf Hunter on Feb 15, 2017.
             Demolished by an ogre
             ... wielding a +0 giant spiked club
              (25 damage)
             ... on level 4 of the Dungeon.
             The game lasted 00:25:33 (4389 turns).

Lukeanator the Shooter (High Elf Hunter)            Turns: 4389, Time: 00:25:34

Health: -14/36     AC:  3    Str: 11    XL:     5   Next: 78%
Magic:  6/6        EV: 13    Int: 15    God:
Gold:   201        SH:  0    Dex: 16    Spells: 0 memorised, 4 levels left

rFire  . . .     SeeInvis .     e - +4 dagger (pain)
rCold  . . .     Gourm    .     c - +0 leather armour
rNeg   . . .     Faith    .     (no shield)
rPois  .         Spirit   .     (no helmet)
rElec  .         Reflect  .     (no cloak)
rCorr  .         Harm     .     (no gloves)
MR     .....                    (no boots)
Stlth  ++........               l - amulet of regeneration
                                (no ring)
                                (no ring)

@: no status effects
A: no striking features
a: no special abilities


You were on level 4 of the Dungeon.
You were hungry.

You visited 1 branch of the dungeon, and saw 4 of its levels.
You also visited: Sewer.

You collected 201 gold pieces.

Inventory:

Hand Weapons
 a - a +1 shortbow
 e - a +4 dagger of pain (weapon)
 h - a +0 short sword of flaming
Missiles
 d - 43 arrows
Armour
 c - a +0 leather armour (worn)
 u - a +0 robe
Jewellery
 l - an amulet of regeneration (around neck)
Scrolls
 b - 2 scrolls of remove curse
 g - 2 scrolls of teleportation {unknown}
 i - 3 scrolls of identify
 p - a scroll of recharging
 r - 3 scrolls of enchant armour
 t - a scroll of magic mapping
Potions
 j - 3 potions of flight {unknown}
 n - 3 potions of curing {unknown}
 q - a potion of berserk rage {unknown}
 v - a potion of magic {unknown}
 w - a potion of might {unknown}
Comestibles
 f - 2 bread rations
 k - 3 fruits
 m - a meat ration
 o - a royal jelly
 s - 2 beef jerkies


   Skills:
 - Level 3.0 Fighting
 * Level 4.5 Short Blades
 + Level 5.9 Bows
 + Level 3.8 Dodging
 - Level 1.1 Stealth


You had 4 spell levels left.
You didn't know any spells.

Dungeon Overview and Level Annotations

Branches:
Dungeon (4/15)
 Temple: D:4-7

Altars:


Message History

The ogre is lightly wounded.
The ogre barely misses you.
You completely miss the ogre.
The ogre is lightly wounded.
You barely miss the ogre.
The ogre is lightly wounded.
The ogre hits you with a giant spiked club!
You barely miss the ogre.
The ogre is lightly wounded.
You hit the ogre.
The ogre is moderately wounded.
The ogre hits you with a giant spiked club.
* * * LOW HITPOINT WARNING * * *
You hit the ogre.
The ogre is heavily wounded.
You puncture the ogre!
The ogre is severely wounded.
The ogre hits you with a giant spiked club!!
Ouch! That really hurt!
You die...

.>.. ... #.. #
#.# #.# #.# ...#
#########.#..#
.......<....(#
########O#......#
#......@.#......+
#.....#####.....#
#####.# ###### #
###.# #
#.#...#### #
..#.#....#
#.#.#.##.#
#.#.#.##.# #####
#.#.#.##.## #...)


You could see an ogre.

Vanquished Creatures
  A big kobold (Sewer)
  7 adders
  4 worms
  2 dart slugs
  5 leopard geckos
  2 orcs (D:3)
  6 bats
  3 giant cockroaches
  17 goblins
  4 hobgoblins (D:2)
  3 jackals
  2 quokkas (D:3)
  4 frilled lizards
  9 kobolds
  14 rats
83 creatures vanquished.

Notes
Turn   | Place    | Note
-------+----------+-------------------------------------------
     0 | D:1      | Lukeanator the High Elf Hunter began the quest for the Orb.
     0 | D:1      | Reached XP level 1. HP: 14/14 MP: 2/2
    53 | D:1      | Reached skill level 1 in Short Blades
   171 | D:1      | Reached XP level 2. HP: 3/19 MP: 3/3
  1204 | D:1      | Reached XP level 3. HP: 25/25 MP: 4/4
  1827 | D:2      | Reached XP level 4. HP: 27/30 MP: 5/5
  3056 | D:3      | Found a glowing drain.
  3060 | Sewer    | Entered a sewer
  3087 | Sewer    | Reached XP level 5. HP: 36/36 MP: 6/6
  3284 | Sewer    | Found a white marble altar of Elyvilon.
  4372 | D:4      | Noticed an ogre
  4389 | D:4      | Demolished by an ogre

Skill      XL: |  1  2  3  4  5 |
---------------+----------------+-----
Short Blades   | 1 2 3 4 |  4.5
Dodging        | 3 |  3.8
Fighting       | 3 |  3.0
Bows           | |  5.9
Stealth        | |  1.1

Action                   |  1- 3 |  4- 6 || total
-------------------------+-------+-------++-------
Melee: Short sword       |    70 |       ||    70
       Dagger            |   114 |   281 ||   395
  Use: Scroll            |       |     6 ||     6
       Potion            |       |     1 ||     1
 Stab: Sleeping          |     1 |     2 ||     3
  Eat: Chunk             |     3 |     8 ||    11
Armor: Leather armour    |    41 |    37 ||    78
Dodge: Dodged            |   102 |   101 ||   203
